 Dungeon Sprint DCSS version 0.17-a0-1685-g57e755e (webtiles) character file.

29 Kidiri the Sneak (level 3, 0/16 HPs)
             Began as a Spriggan Enchanter on Aug 19, 2015.
             Slain by a human (8 damage)
             ... in the Dungeon (Sprint III: "The Ten Rune Challenge").
             The game lasted 00:00:55 (290 turns).

Kidiri the Sneak (Spriggan Enchanter)                Turns: 290, Time: 00:00:55

Health: 0/16       AC:  3    Str:  4    XL:     3   Next: 1%
Magic:  3/10       EV: 20    Int: 16    God:
Gold:   4          SH:  0    Dex: 17    Spells: 4 memorised, 2 levels left

rFire  . . .     SeeInvis +     a - +1 dagger
rCold  . . .     Clarity  .     b - +1 robe
rNeg   . . .     SustAt   .     (shield restricted)
rPois  .         Gourm    .     (helmet restricted)
rElec  .         Spirit   .     (no cloak)
rCorr  .         Warding  .     (gloves unavailable)
rMut   .         NoTele   +     (boots unavailable)
MR     .....                    (no amulet)
Stlth  ++++......               (no ring)
                                (no ring)

@: very slightly contaminated, very quick, not resistant to hostile
enchantments, stealthy
A: unfitting armour, see invisible, herbivore 3, speed 3, slow metabolism 2
a: no special abilities


You were in the Dungeon.
You were not hungry.

You visited 1 branch You collected 4 gold pieces.

Inventory:

Hand weapons
 a - a +1 dagger (weapon)
Armour
 b - a +1 robe (worn)
Scrolls
 j - a scroll of blinking
Potions
 e - a potion of curing
 f - a potion of heal wounds
 g - a potion of haste
 h - 2 potions of magic
 i - a potion of berserk rage
Books
 c - a book of Maledictions

   Spells                             Type                      Level
   a - Corona                         Hexes                        1
   b - Ensorcelled Hibernation        Hexes/Ice                    2
   c - Confuse                        Hexes                        3
   d - Tukima's Dance                 Hexes                        3
   e - Dazzling Spray                 Conjuration/Hexes            3
Comestibles
 d - a bread ration


   Skills:
 + Level 2.4 Short Blades
 * Level 5.1 Dodging
 * Level 6.4 Stealth
 * Level 4.5 Spellcasting
 + Level 4.4 Hexes
 + Level 0.0 Ice Magic


You had 2 spell levels left.
You knew the following spells:

 Your Spells              Type           Power        Failure   Level  Hunger
a - Corona                Hex            ###....      2%          1    None
b - Ensorcelled Hibernat  Hex/Ice        ##....       12%         2    ##.....
c - Confuse               Hex            ###.....     10%         3    ###....
d - Tukima's Dance        Hex            ###.....     10%         3    ###....


Dungeon Overview and Level Annotations

Branches:
Dungeon (1/1)

Altars:


Innate Abilities, Weirdness & Mutations

You are tiny and cannot use many weapons and most armour.
You have supernaturally acute eyesight.
You are a herbivore.
You cover ground extremely quickly.
You need consume almost no food.


Message History

Confirm with . or Enter, or press ? or * to list all spells.
Aiming: Corona
Press: ? - help, Shift-Dir - straight line, f/p - human
Aim: a human (almost dead, chance to defeat MR: 54%)
The human is outlined in light.
The human hits you!
Ouch! That really hurt!
You hit the human but do no damage.
The human is almost dead.
The human completely misses you.
You hit the human but do no damage.
The human is almost dead.
The human completely misses you.
You hit the human.
The human is almost dead.
The human closely misses you.
You barely miss the human.
The human is almost dead.
The human hits you!
Ouch! That really hurt!
You die...

▓▓▓▓▓▓▓▓▓
▓<..#...####
▓...#......##
▓..##..@p...# .#
▓##.##.##...# ..#
##.##.###..# #..#
▓#.####.##..# ...+
▓.###..##..####...#
▓#.....##..###.p..#
###..##...##.....#
##..##...p#......#
#..###..##.#.....#


You could see a human.

Vanquished Creatures
  A wolf (D)
  4 rats (D)
5 creatures vanquished.

Vanquished Creatures (others)
  2 draconian scorchers (D)
  A yaktaur (D)
3 creatures vanquished.

Grand Total: 8 creatures vanquished

Notes
Turn   | Place    | Note
--------------------------------------------------------------
     0 | D        | Kidiri the Spriggan Enchanter began the quest for the Orb.
     0 | D        | Reached XP level 1. HP: 9/9 MP: 5/5
   159 | D        | Killed a yaktaur
   230 | D        | Killed a white draconian scorcher
   234 | D        | Noticed a wolf
   237 | D        | Killed a wolf
   237 | D        | Reached skill level 5 in Dodging
   237 | D        | Reached skill level 6 in Stealth
   237 | D        | Reached XP level 2. HP: 13/13 MP: 5/8
   237 | D        | Reached XP level 3. HP: 16/16 MP: 6/10
   258 | D        | Learned a level 2 spell: Ensorcelled Hibernation
   260 | D        | Killed a white draconian scorcher
   262 | D        | Learned a level 3 spell: Confuse
   266 | D        | Learned a level 3 spell: Tukima's Dance
   290 | D        | Slain by a human

Vault maps used:
D:        dungeon_sprint_mu

Action                   || total
-------------------------++-------
Melee: Dagger            ||    11
 Cast: Ensorcelled Hiber ||     2
       Corona            ||     1
 Stab: Sleeping          ||     4
